 Dungeon Sprint DCSS version 0.23.2-1-ga50397a6bc (webtiles) character file.

Game seed: 1978764057327241326

268 Kobolds4U the Unseen (level 6, -7/30 HPs)
             Began as a Spriggan Assassin on May 30, 2019.
             Mangled by a slime creature (15 damage)
             ... in the Dungeon (Sprint I: "Red Sonja").
             The game lasted 00:01:39 (156 turns).

Kobolds4U the Unseen (Spriggan Assassin)             Turns: 156, Time: 00:01:40

Health: -7/30      AC:  3    Str:  7    XL:     6   Next: 1%
Magic:  7/7        EV: 17    Int: 12    God:
Gold:   162        SH:  0    Dex: 20    Spells: 5/5 levels left

rFire    . . .     SeeInvis +   a - +2 dagger
rCold    . . .     Gourm    .   (shield restricted)
rNeg     . . .     Faith    .   c - +0 robe
rPois    .         Spirit   .   (helmet restricted)
rElec    .         Reflect  .   d - +0 cloak
rCorr    .         Harm     .   (gloves unavailable)
MR       +....     NoTele   +   (boots unavailable)
Stlth    +++++++...             (no amulet)
HPRegen  0.10/turn              (no ring)
MPRegen  0.10/turn              (no ring)

@: very quick
A: very small, unfitting armour, see invisible, herbivore, speed 3, slow
metabolism 2
a: no special abilities


You were in the Dungeon.
You were not hungry.

You visited 1 branch You collected 162 gold pieces.

Inventory:

Hand Weapons
 a - a +2 dagger (weapon)
 b - a +0 blowgun
Missiles
 e - 5 poisoned needles
 f - a curare-tipped needle
Armour
 c - a +0 robe (worn)
 d - a +0 cloak (worn)
Scrolls
 m - a scroll of blinking
 n - a scroll of identify {unknown}
Potions
 h - a potion of curing
 i - a potion of heal wounds
 j - a potion of haste
 k - 2 potions of magic
 l - a potion of berserk rage
Comestibles
 g - a ration


   Skills:
 - Level 1.5 Fighting
 - Level 2.1 Short Blades
 - Level 2.0 Throwing
 - Level 1.5 Dodging
 + Level 18.3 Stealth


You had 5 spell levels left.
You didn't know any spells.
Your spell library was empty.

Dungeon Overview and Level Annotations

Branches:
Dungeon (1/1)

Altars:
Makhleb
Sif Muna
Vehumet
Wu Jian
Xom
Jiyva
Lugonu


Innate Abilities, Weirdness & Mutations

You are very small and have problems with some larger weapons.
You are too small for most types of armour.
You have supernaturally acute eyesight. (SInv)
You are a herbivore.
You cover ground extremely quickly.
You need to consume almost no food.


Message History

the human corpse of Sigmund
There is an open door here.
You close the door.
You hear a slurping noise.
The jelly eats the door!
You see here a +0 scale mail.
There is an open door here.
There is an open door here.
You see here a poisoned needle.
You see here a poisoned needle.
f - a curare-tipped needle
There is an open door here.
You open the door.
A slime creature comes into view.
Found four altars.
There is an open door here.
The slime creature quivers.
The slime creature hits you!
Ouch! That really hurt!
You die...

###################
#<.#.['J.#..J..#__#
#.....#.)((.#..'@J+
#..#####'#####(#__#
#.J# #..# #[####
#).# #### #.# #..#
#_.+ #⌠⌠# ..._#
#### #_.#+# ##+


You could see a slime creature and a jelly.

Vanquished Creatures
  Sigmund (D)
  An ogre (D)
  Ijyb (D)
3 creatures vanquished.

Vanquished Creatures (others)
  A gargoyle (D)
1 creature vanquished.

Grand Total: 4 creatures vanquished

Notes
Turn   | Place    | Note
-------+----------+-------------------------------------------
     0 | D        | Kobolds4U the Spriggan Assassin began the quest for the
                  | Orb.
     0 | D        | Reached XP level 1. HP: 10/10 MP: 2/2
     1 | D        | Noticed Ijyb
     4 | D        | Killed Ijyb
     4 | D        | Reached skill level 10 in Stealth
     4 | D        | Reached XP level 2. HP: 14/14 MP: 3/3
     6 | D        | Noticed an ogre
     9 | D        | Killed an ogre
     9 | D        | Reached skill level 14 in Stealth
     9 | D        | Reached XP level 3. HP: 18/18 MP: 4/4
     9 | D        | Reached XP level 4. HP: 22/22 MP: 5/5
    18 | D        | Noticed Sigmund
    28 | D        | Killed a gargoyle
    63 | D        | Killed Sigmund
    63 | D        | Reached skill level 18 in Stealth
    63 | D        | Reached XP level 5. HP: 10/25 MP: 6/6
    63 | D        | Reached XP level 6. HP: 12/30 MP: 7/7
   102 | D        | Found a deep blue altar of Sif Muna.
   103 | D        | Found an ornate altar of the Wu Jian Council.
   104 | D        | Found a radiant altar of Vehumet.
   154 | D        | Found a burning altar of Makhleb.
   154 | D        | Found a viscous altar of Jiyva.
   154 | D        | Found a shimmering altar of Xom.
   154 | D        | Found a corrupted altar of Lugonu.
   154 | D        | Noticed a slime creature
   156 | D        | Mangled by a slime creature

Skill      XL: |  1  2  3  4 |
---------------+-------------+-----
Stealth        | 10 14 18 | 18.3
Fighting       | |  1.5
Short Blades   | |  2.1
Throwing       | |  2.0
Dodging        | |  1.5

Action                   |  1- 3 |  4- 6 || total
-------------------------+-------+-------++-------
Melee: Dagger            |     2 |    12 ||    14
 Fire: Blowgun           |       |    12 ||    12
 Stab: Sleeping          |     2 |       ||     2
Armor: Robe              |       |     1 ||     1
Dodge: Dodged            |       |    10 ||    10
